 Dungeon Crawl Stone Soup version 0.29.1-1-gd02db6906a (webtiles) character file.

Game seed: 4644985539764665372

22598 Anriel the Basher (level 13, 0/80 HPs)
             Began as a Gargoyle Fighter on Oct 13, 2022.
             Was a Priest of Nemelex Xobeh.
             Slain by a spectral black mamba (8 damage)
             ... in a Gauntlet.
             The game lasted 01:34:46 (11186 turns).

Anriel the Basher (Gargoyle Fighter)               Turns: 11186, Time: 01:34:47

Health: 0/80       AC: 49    Str: 28    XL:     13   Next: 1%
Magic:  13/13      EV:  6    Int: 13    God:    Nemelex Xobeh [***...]
Gold:   290        SH:  8    Dex: 14    Spells: 12/12 levels left

rFire   . . .      SeeInvis .   z - +6 morningstar
rCold   . . .      Faith    .   C - +2 buckler {AC+3}
rNeg    + . .      Spirit   .   b - +3 crystal plate armour
rPois   ∞          Reflect  .   i - +1 helmet {Int+3}
rElec   +          Harm     .   d - +1 cloak
rCorr   .          Rampage  .   c - +1 pair of gloves of Gozag's Generosity {rPois Dex+3}
Will    .....      NoTele   +   (no boots)
Stlth   ..........              B - amulet of regeneration
HPRegen 1.03/turn               K - +6 ring of strength
MPRegen 0.13/turn               l - +4 ring of protection

@: mighty, slowed, very slow
A: sickness immunity, AC +9, negative energy resistance 1, electricity
resistance, torment resistance 1, petrification resistance
a: Renounce Religion, Draw Escape, Draw Destruction, Draw Summoning, Triple Draw


You were in a Gauntlet.
You worshipped Nemelex Xobeh.
Nemelex Xobeh was most pleased with you.
You visited 2 branches of the dungeon, and saw 13 of its levels.
You also visited: Bailey and Gauntlet.

You collected 1349 gold pieces.
You spent 1059 gold pieces at shops.

Inventory:

Hand Weapons
 f - a +2 morningstar of draining
 r - the +11 sling of the Viper {freeze, Will+}
   (You found it on level 7 of the Dungeon)

   Any ammunition fired from it freezes those it strikes, dealing additional
   cold damage.
   It can also slow down cold-blooded creatures.
   Will:      It increases your willpower.
 y - the +4 rapier of an ossuary {speed, Fly rElec Dex+4}
   (You found it on level 5 of the Dungeon)

   Attacks with this weapon are significantly faster.
   Dex:       It affects your dexterity (+4).
   rElec:     It insulates you from electricity.
   Fly:       It grants you flight.
 z - a +6 morningstar (weapon)
Missiles
 G - 3 javelins (quivered)
Armour
 b - a +3 crystal plate armour (worn)
 c - the +1 pair of gloves of Gozag's Generosity (worn) {rPois Dex+3}
   (You found it on level 9 of the Dungeon)

   Dex:       It affects your dexterity (+3).
   rPois:     It protects you from poison.
 d - a +1 cloak (worn)
 i - a +1 helmet of intelligence (worn)
 m - the +1 scale mail "Fesa" {rCorr Dex+4}
   (You found it on level 9 of the Dungeon)

   Dex:       It affects your dexterity (+4).
   rCorr:     It protects you from acid and corrosion.
 C - a +2 buckler of protection (worn)
Jewellery
 j - a ring of protection from fire
 l - a +4 ring of protection (right hand)
 q - a ring of magical power
 B - an amulet of regeneration (around neck)
 F - a +6 ring of dexterity
 I - the ring of Fuluraco {Ice rN+ Dex+2}
   (You found it in a Gauntlet)

   [ring of ice]

   It enhances your ice magic.
   Dex:       It affects your dexterity (+2).
   rF:        It makes you vulnerable to fire.
   rC:        It protects you from cold.
   rN:        It protects you from negative energy.
 J - a +4 ring of protection
 K - a +6 ring of strength (left hand)
Wands
 x - a wand of charming (13)
Scrolls
 a - a scroll of amnesia
 g - a scroll of butterflies
 h - a scroll of immolation
 k - 2 scrolls of blinking
 n - 6 scrolls of teleportation
 u - 3 scrolls of poison
 A - a scroll of acquirement
Potions
 p - 5 potions of attraction
 s - 4 potions of curing
 t - 3 potions of mutation
 w - a potion of cancellation
 D - a potion of flight
 E - a potion of might
 H - a potion of brilliance
Miscellaneous
 e - a phantom mirror


   Skills:
 + Level 8.9 Fighting
 + Level 12.9 Maces & Flails
 + Level 5.9 Throwing
 + Level 12.2 Armour
 + Level 2.3 Dodging
 + Level 1.0 Stealth
 + Level 7.9 Shields
 * Level 4.9 Evocations


You had 12 spell levels left.
You didn't know any spells.
Your spell library contained the following spells:

 Spells                   Type           Power      Damage    Failure   Level
 Gell's Gravitas          Tloc           0%         N/A       100%        3
 Inner Flame              Hex/Fire       0%         N/A       100%        3
 Teleport Other           Tloc           0%         N/A       100%        3
 Animate Armour           Summ/Erth      0%         N/A       100%        4
 Cause Fear               Hex            0%         N/A       100%        4
 Petrify                  Tmut/Erth      0%         N/A       100%        4
 Blade Hands              Tmut           0%         N/A       100%        5
 Metabolic Englaciation   Hex/Ice        0%         N/A       100%        5
 Dispersal                Tloc           0%         N/A       100%        6
 Iron Shot                Conj/Erth      0%         9d1       100%        6
 Discord                  Hex            0%         N/A       100%        8
 Statue Form              Tmut/Erth      Unusable   N/A       N/A         6

Dungeon Overview and Level Annotations

Branches:
Dungeon (12/15)            Temple (1/1) D:7            Lair (0/5) D:10
    Orc (0/2) D:11         Bailey (visited)         Gauntlet (1/1)

Altars:
Ashenzari
Cheibriados
Dithmenos
Elyvilon
Fedhas
Gozag
Hepliaklqana
Kikubaaqudgha
Makhleb
Nemelex Xobeh
Okawaru
Qazlal
Ru
Sif Muna
Trog
Uskayaw
Vehumet
Wu Jian
Xom
Yredelemnul
Zin
The Shining One

Shops:
D:8 *:=[!

Annotations:
Gauntlet 11 transporters, 3 runed translucent doors


Innate Abilities, Weirdness & Mutations

You are immune to sickness and miasma.
Your stone body is resilient. (AC +9)
You are immune to poison.
You resist negative energy. (rN+)
You are resistant to electric shocks. (rElec)
You are resistant to unholy torment.
You are immune to petrification.


Message History

You closely miss the death scarab.
The death scarab is moderately damaged.
The death scarab bites you. The death scarab drains your vigour!
You feel as though you will be slow longer.
You block the death scarab's attack.
The spectral black mamba bites you but does no damage.
The spectral black mamba barely misses you.
The spectral eight-headed hydra bites you but does no damage.
The spectral eight-headed hydra barely misses you. x3
The spectral eight-headed hydra bites you but does no damage. x4
The death scarab bites you but does no damage.
Unknown command.
You sock the death scarab!
The death scarab is heavily damaged.
The death scarab bites you but does no damage.
The spectral black mamba bites you but does no damage.
The spectral black mamba completely misses you.
The death scarab bites you!
* * * LOW HITPOINT WARNING * * *
You block the spectral eight-headed hydra's attack.
The spectral eight-headed hydra bites you but does no damage. x4
The spectral eight-headed hydra completely misses you.
The spectral eight-headed hydra bites you but does no damage. x2
You draw a card...
You have drawn Pain.
Press: ? - help, Shift-Dir - straight line, f - death scarab
Aim: a death scarab (heavily damaged)
The bolt of negative energy misses the death scarab.
The bolt of negative energy hits the spectral dream sheep.
The spectral dream sheep completely resists.
The death scarab's many legs skitter faintly.
The death scarab bites you.
* * * LOW HITPOINT WARNING * * *
The death scarab drains your vigour!
You feel as though you will be slow longer.
The death scarab bites you but does no damage.
You block the spectral black mamba's attack.
The spectral black mamba bites you!
You die...
Your body disappears without a glow.

##..####©.#.#©.#..## ##..#.©#©8.©
#≈..#.....#.#..#..§###§..#..#..8.
##..#.####.u#..#..##≈##..#..#...8
#≈..#.....uG#..#....§....#..#..8#
##..#########..#.........#..#####
##..........#..###########..#....
.#..#########..#Z........#..#####
.#..#24.....#..#BZZ......#..#..^.
.#8.#5####.2#..#@Z#...#..#..#}#.#
.#..#[#..##4#..#.........#..#..P.
.#∩.#©.#©.#5#©©#©...©....#©©#p#.©
.#..#..##.#.#..#)....P...#..#5.P.
.#8.#$...##.#..#?.#...#..#..#5#.#
.#..#.......#..#.........#..#..^.
.#..#########..#.........#..#####
##..........#..###########..#....
##..#########..#.........#..#####


You could see a reaper, 2 ugly things, a glowing orange brain, a hellwing, a
spectral black mamba, a spectral eight-headed hydra, a spectral torpor snail, a
spectral dream sheep, a death scarab and a shadow imp.

Vanquished Creatures
  A tengu warrior (D:9)
  3 two-headed ogres
  A death scarab (Gauntlet)
  Amaemon (D:11)
  Nergalle (D:11)
  An orc knight (Bailey)
  A cyclops (D:12)
  2 ugly things
  4 manticores
  An orange demon (D:11)
  An unseen horror (D:11)
  Psyche (D:9)
  6 kobold demonologists
  Grinder (D:3)
  3 trolls
  A hornet (D:7)
  A vampire (D:6)
  Sigmund (D:6)
  3 wyverns
  19 yaks
  6 shadows
  3 wraiths
  4 vampire mosquitoes (D:12)
  A basilisk (D:9)
  3 steam dragons
  Menkaure (D:4)
  Duvessa (D:7)
  7 water moccasins
  A black bear (D:6)
  6 ice beasts
  16 orc warriors
  2 ogres (D:6)
  3 centaurs
  3 kobold brigands
  3 bullfrogs
  2 gnoll sergeants
  3 scorpions
  6 wights
  Dowan (D:7)
  6 killer bees
  3 howler monkeys (D:8)
  6 hounds
  7 orc priests
  A gnoll bouda (D:4)
  Crazy Yiuf (D:2)
  A jelly (D:5)
  5 iguanas
  Ijyb (D:4)
  12 orc wizards
  8 gnolls
  9 adders
  3 shadow imps
  2 ufetubi
  6 worms
  3 dart slugs
  44 orcs
  7 ball pythons
  4 bats
  3 endoplasms
  2 giant cockroaches (D:3)
  11 goblins
  11 hobgoblins
  2 jackals (D:1)
  3 quokkas
  A frilled lizard (D:2)
  15 kobolds
  5 rats
307 creatures vanquished.

Vanquished Creatures (collateral kills)
  An orc warrior (D:11)
  2 orc priests (D:11)
3 creatures vanquished.

Vanquished Creatures (others)
  5 dream sheep (D:3)
  An orc (D:8)
  A fungus (D:10)
  8 plants (D:10)
  22 withered plants (Gauntlet)
37 creatures vanquished.

Grand Total: 347 creatures vanquished

Notes
Turn   | Place    | Note
-------+----------+-------------------------------------------
     0 | D:1      | Anriel the Gargoyle Fighter began the quest for the Orb.
     0 | D:1      | Reached XP level 1. HP: 14/14 MP: 1/1
   153 | D:1      | Reached XP level 2. HP: 18/19 MP: 2/2
   459 | D:1      | Reached XP level 3. HP: 23/23 MP: 3/3
   944 | D:2      | Reached XP level 4. HP: 22/28 MP: 4/4
  1120 | D:2      | Found a runed translucent door.
  1121 | D:2      | Noticed Crazy Yiuf
  1447 | D:3      | Found a faded altar of an unknown god.
  1990 | D:3      | Found a hide-covered altar of Uskayaw.
  1991 | D:3      | Found an ancient bone altar of Kikubaaqudgha.
  1991 | D:3      | Found a radiant altar of Vehumet.
  1992 | D:3      | Found a white marble altar of Elyvilon.
  1993 | D:3      | Noticed Grinder
  1994 | D:3      | Paralysed by Grinder for 2 turns
  2015 | D:3      | Killed Grinder
  2016 | D:3      | Reached skill level 1 in Throwing
  2016 | D:3      | Reached skill level 5 in Armour
  2016 | D:3      | Reached XP level 5. HP: 33/33 MP: 5/5
  2016 | D:3      | Reached XP level 6. HP: 38/38 MP: 6/6
  2065 | D:3      | Noticed a dream sheep
  2065 | D:3      | Noticed a dream sheep
  2065 | D:3      | Noticed a dream sheep
  2065 | D:3      | Noticed a dream sheep
  2065 | D:3      | Noticed a dream sheep
  2065 | D:3      | Found a shimmering altar of Xom.
  2070 | D:3      | Killed a dream sheep
  2070 | D:3      | Killed a dream sheep
  2070 | D:3      | Killed a dream sheep
  2070 | D:3      | Killed a dream sheep
  2072 | D:3      | Killed a dream sheep
  2193 | D:2      | Killed Crazy Yiuf
  2360 | D:3      | Reached skill level 1 in Dodging
  2570 | D:4      | Noticed Menkaure
  2574 | D:4      | Noticed Ijyb
  2576 | D:4      | Killed Menkaure
  2577 | D:4      | Reached skill level 5 in Maces & Flails
  2577 | D:4      | Reached XP level 7. HP: 27/43 MP: 7/7
  2587 | D:4      | Killed Ijyb
  2598 | D:4      | Reached skill level 1 in Stealth
  2603 | D:4      | Identified a scroll of acquirement
  2603 | D:4      | Acquired 677 gold pieces
  3426 | D:5      | Entered Level 5 of the Dungeon
  3748 | D:5      | Reached XP level 8. HP: 48/48 MP: 8/8
  3849 | D:5      | Identified the +4 rapier of an ossuary {speed, Fly rElec
                  | Dex+4}
  4246 | D:6      | Noticed Sigmund
  4312 | D:6      | Killed Sigmund
  4372 | D:6      | HP: 1/72 [orc warrior/+0 scimitar (13)]
  4711 | D:6      | Reached skill level 5 in Fighting
  4798 | D:6      | Found a shadowy altar of Dithmenos.
  4823 | D:6      | Reached XP level 9. HP: 39/54 MP: 9/9
  5599 | D:7      | Found a flagged portal.
  5682 | Bailey   | Entered a bailey
  5847 | Bailey   | Noticed an orc knight
  5863 | Bailey   | Reached skill level 5 in Shields
  6169 | Bailey   | Killed an orc knight
  6170 | Bailey   | Reached skill level 5 in Throwing
  6170 | Bailey   | Reached skill level 1 in Evocations
  6170 | Bailey   | Reached XP level 10. HP: 21/60 MP: 10/10
  6521 | D:7      | Noticed Duvessa
  6528 | D:7      | Noticed Dowan
  6543 | D:7      | Killed Duvessa
  6563 | D:7      | Killed Dowan
  6815 | D:7      | Found a staircase to the Ecumenical Temple.
  6821 | Temple   | Entered the Ecumenical Temple
  6951 | Temple   | Became a worshipper of Nemelex Xobeh the Trickster
  7133 | D:7      | Identified the +11 sling of the Viper {freeze, Will+}
  7187 | D:7      | Found an iron altar of Okawaru.
  7462 | D:8      | Found Qeor's Distillery.
  7464 | D:8      | Bought a potion of curing for 45 gold pieces
  7464 | D:8      | Bought a potion of mutation for 120 gold pieces
  7464 | D:8      | Bought a potion of curing for 45 gold pieces
  7464 | D:8      | Bought 2 potions of curing for 90 gold pieces
  7464 | D:8      | Bought a potion of heal wounds for 75 gold pieces
  7464 | D:8      | Bought a potion of haste for 150 gold pieces
  7494 | D:8      | Found Gazeph's Book Emporium.
  7563 | D:8      | Found Ashroas's Jewellery Shoppe.
  7569 | D:8      | Bought an amulet of regeneration for 420 gold pieces
  7762 | D:8      | Found Laalluh's General Store.
  7770 | D:8      | Bought a scroll of identify for 24 gold pieces
  7770 | D:8      | Bought a scroll of enchant weapon for 90 gold pieces
  8202 | D:8      | Found Koupp's Antique Armour Emporium.
  8292 | D:8      | Reached skill level 10 in Armour
  8299 | D:9      | Reached * piety under Nemelex Xobeh
  8374 | D:9      | Received a gift from Nemelex Xobeh
  8739 | D:9      | Reached XP level 11. HP: 62/66 MP: 11/11
  8780 | D:9      | Noticed Psyche
  8801 | D:9      | Killed Psyche
  8802 | D:9      | Reached skill level 10 in Maces & Flails
  8822 | D:9      | Noticed a two-headed ogre
  8826 | D:9      | Killed a two-headed ogre
  8851 | D:9      | Noticed a manticore
  8851 | D:9      | Noticed a green ugly thing
  8869 | D:9      | Killed a manticore
  8880 | D:9      | Noticed a tengu warrior
  8890 | D:9      | Killed a tengu warrior
  8897 | D:9      | Killed a green ugly thing
  8920 | D:9      | Identified the +1 pair of gloves of Gozag's Generosity
                  | {rPois Dex+3}
  8923 | D:9      | Identified the +1 scale mail "Fesa" {rCorr Dex+4}
  8978 | D:9      | Noticed a two-headed ogre
  9002 | D:9      | Killed a two-headed ogre
  9393 | D:10     | Entered Level 10 of the Dungeon
  9512 | D:10     | Reached XP level 12. HP: 73/73 MP: 12/12
  9537 | D:10     | Found a staircase to the Lair.
  9585 | D:10     | Reached ** piety under Nemelex Xobeh
  9679 | D:10     | Found an ornate altar of the Wu Jian Council.
  9691 | D:10     | Found a broken altar of Ashenzari.
 10014 | D:11     | Noticed Amaemon
 10042 | D:11     | Killed Amaemon
 10373 | D:11     | Received a gift from Nemelex Xobeh
 10392 | D:11     | Found a staircase to the Orcish Mines.
 10697 | D:11     | Reached *** piety under Nemelex Xobeh
 10788 | D:11     | Noticed Nergalle
 10814 | D:11     | Killed Nergalle
 10900 | D:12     | Received a gift from Nemelex Xobeh
 10906 | D:12     | Noticed a two-headed ogre
 10946 | D:12     | Killed a two-headed ogre
 10972 | D:12     | Found a gate leading to a gauntlet.
 10978 | Gauntlet | Entered a Gauntlet
 10978 | Gauntlet | Found a transporter.
 10978 | Gauntlet | Found a transporter.
 10984 | Gauntlet | Found a transporter.
 10986 | Gauntlet | Found a transporter.
 10986 | Gauntlet | Found a transporter.
 10989 | Gauntlet | Found a transporter.
 10991 | Gauntlet | Noticed a death scarab
 11027 | Gauntlet | Found a transporter.
 11028 | Gauntlet | Noticed a death scarab
 11029 | Gauntlet | Found a transporter.
 11029 | Gauntlet | Found a transporter.
 11036 | Gauntlet | Noticed a hell beast
 11038 | Gauntlet | Found a runed translucent gate.
 11038 | Gauntlet | Found a runed translucent gate.
 11038 | Gauntlet | Found a runed translucent gate.
 11040 | Gauntlet | Found a transporter.
 11056 | Gauntlet | Found a transporter.
 11059 | Gauntlet | Noticed a reaper
 11067 | Gauntlet | Found the +0 staff of Battle
 11069 | Gauntlet | Found a transporter.
 11080 | Gauntlet | Found a transporter.
 11099 | Gauntlet | Found a transporter.
 11132 | Gauntlet | Identified the ring of Fuluraco {Ice rN+ Dex+2}
 11183 | Gauntlet | Killed a death scarab
 11184 | Gauntlet | Reached XP level 13. HP: 29/80 MP: 13/13
 11186 | Gauntlet | Slain by a spectral black mamba

Illustrated notes

Levels and vault maps discovered:
D:1:      moated_graveyard_arrival, layout_loops_ring, serial_rivers,
          chequers_serial_rivers_marsh, chequers_serial_rivers_small_a,
          chequers_serial_rivers_small_b, chequers_serial_rivers_micro_a,
          chequers_serial_rivers_micro_e
D:2:      layout_rooms, uniq_crazy_yiuf_cottage
D:3:      layout_basic, chequers_temple_overflow_statue_of_worship,
          kb_xom_exploding_sheep, ebering_ecumenical_altar_petrified,
          uniq_grinder
D:4:      layout_loops_corners, uniq_ijyb, uniq_menkaure
D:5:      layout_basic
D:6:      layout_rooms, nicolae_dithmenos_through_a_glass_darkly,
          minmay_small_thing, uniq_sigmund
D:7:      layout_cave_pools, okawaru_altar_gauntlet_db,
          minmay_temple_entry_enclosed_plants, enter_bailey_5, uniq_duvessa
D:8:      cheibrodos_steamvent, layout_loops_ring, serial_shops,
          nicolae_lakefront_shop, kennysheep_mini_moat, shop, shop,
          nicolae_shop_behind_doors
D:9:      layout_basic, minmay_the_grid_2x2 [minmay_the_grid_spin_star,
          minmay_the_grid_broken_lines, minmay_the_grid_minigrid_large,
          minmay_the_grid_prize_trominoes], uniq_psyche
D:10:     layout_rooms, amethyst_overflow_temple_binary, minmay_lair_entry_grove
D:11:     layout_irregular_city, minmay_orc_entry_temple_small,
          grunt_ministairs_8, uniq_amaemon, uniq_nergalle
D:12:     layout_loops_cross, gauntlet_entry_generic
Temple:   dshaligram_water_room_temple
Gauntlet: gammafunk_gauntlet_mixed_choke_point
          [minmay_gauntlet_arena_77_terracotta_army,
          minmay_gauntlet_arena_77_museum, minmay_gauntlet_arena_77_mess,
          gammafunk_gauntlet_arena_hedges,
          minmay_gauntlet_arena_77_radiant_squares,
          minmay_gauntlet_arena_77_hold_the_fort,
          minmay_gauntlet_arena_77_run_for_it,
          dreamdust_gauntlet_exit_labyrinth]

Skill      XL: |  1  2  3  4  5  6  7  8  9 10 11 12 |
---------------+-------------------------------------+-----
Armour         | 4 5 7 8 10 11 12 | 12.2
Maces & Flails | 3 4 5 6 8 9 11 12 | 12.9
Fighting       | 4 5 6 8 |  8.9
Throwing       | 1 2 3 5 |  5.9
Dodging        | 1 2 |  2.3
Stealth        | 1 |  1.0
Shields        | 4 5 6 7 |  7.9
Evocations     | 1 2 4 |  4.9

Action                   |  1- 3 |  4- 6 |  7- 9 | 10-12 | 13-15 || total
-------------------------+-------+-------+-------+-------+-------++-------
Melee: Flail             |    93 |   146 |   239 |       |       ||   478
       Morningstar       |       |       |   128 |   598 |     2 ||   728
Throw: Boomerang         |       |    29 |   115 |    31 |       ||   175
       Javelin           |       |       |       |    27 |       ||    27
Invok: Draw Destruction  |       |       |       |     7 |     1 ||     8
       Draw Summoning    |       |       |       |     1 |       ||     1
Evoke: Wand              |       |       |    25 |     4 |       ||    29
  Use: Scroll            |     4 |     6 |     9 |    13 |       ||    32
       Potion            |       |     3 |    11 |     6 |       ||    20
 Stab: Distracted        |       |       |       |     1 |       ||     1
Armor: Scale mail        |    42 |    92 |   116 |       |       ||   250
       Skin              |       |       |    34 |       |       ||    34
       Plate armour      |       |       |   138 |       |       ||   138
       Crystal plate arm |       |       |       |   669 |    16 ||   685
Dodge: Dodged            |    54 |    55 |   140 |   176 |     6 ||   431
Block: Buckler           |    18 |    25 |    89 |   264 |     3 ||   399
